 Dungeon Crawl Stone Soup version 0.18.1-8-gdd0e5ea (webtiles) character file.

1619 Gargoyl the Covered (level 8, 0/64 HPs)
             Began as a Demonspawn Abyssal Knight on June 2, 2016.
             Was an Elder of Lugonu.
             Slain by an orc warrior
             ... wielding a +0 scimitar
              (18 damage)
             ... on level 6 of the Dungeon.
             The game lasted 00:15:38 (4996 turns).

Gargoyl the Covered (Demonspawn Abyssal Knight)     Turns: 4996, Time: 00:15:38

Health: 0/64       AC: 17    Str: 15    XL:     8   Next: 64%
Magic:  9/9        EV:  6    Int: 13    God:    Lugonu [****..]
Gold:   283        SH:  3    Dex: 13    Spells: 0 memorised, 7 levels left

rFire  . . .     SeeInvis .     I - +0 war axe
rCold  . . .     Gourm    .     O - +0 plate armour
rNeg   . . .     Faith    .     (no shield)
rPois  .         Spirit   .     D - +0 helmet
rElec  .         Dismiss  .     w - +0 cloak
rCorr  .         Reflect  +     (no gloves)
SustAt +         Harm     .     (no boots)
MR     +....                    j - +3 amulet of reflection
Stlth  ..........               C - ring of sustain attributes
                                r - ring of protection from magic

@: somewhat resistant to hostile enchantments, extremely unstealthy
A: thin metallic scales 1, demonic guardian 1, powered by death 1
a: Depart the Abyss, Bend Space, Banish, Corrupt, Renounce Religion


You were on level 6 of the Dungeon.
You worshipped Lugonu.
Lugonu was greatly pleased with you.
You were not hungry.

You visited 1 branch of the dungeon, and saw 6 of its levels.
You visited the Abyss 1 time.

You collected 283 gold pieces.

Inventory:

Hand Weapons
 a - a +3 flail
 A - a +3 trident
 I - a +0 war axe (weapon)
Missiles
 L - 3 tomahawks (quivered)
Armour
 w - a +0 cloak (worn)
 D - a +0 helmet (worn)
 O - a +0 plate armour (worn)
Jewellery
 j - a +3 amulet of reflection (around neck)
 r - a ring of protection from magic (left hand)
 C - a ring of sustain attributes (right hand)
 K - an uncursed ring of protection from fire
Wands
 d - a wand of flame (43/48)
 x - a wand of flame (34/48)
 J - a wand of slowing (38/48)
Scrolls
 b - a scroll of blinking
 e - a scroll of remove curse
 i - 3 scrolls of identify
 l - a scroll of recharging
 q - a scroll of fog {unknown}
 u - 3 scrolls of teleportation {unknown}
 y - a scroll of enchant weapon {unknown}
 E - 2 scrolls of magic mapping {unknown}
 G - a scroll of amnesia {unknown}
 H - a scroll of fear {unknown}
Potions
 h - 2 potions of degeneration
 k - a potion of magic {unknown}
 n - a potion of cancellation {unknown}
 o - 2 potions of brilliance {unknown}
 p - 3 potions of agility {unknown}
 t - 3 potions of curing
 v - a potion of haste {unknown}
 z - 2 potions of might
 B - a potion of lignification {unknown}
 F - 2 potions of heal wounds
Books
 s - a book of Annihilations

   Spells                             Type                      Level
   a - Poison Arrow                   Conjuration/Poison           6
   b - Chain Lightning                Conjuration/Air              8
   c - Lehudib's Crystal Spear        Conjuration/Earth            8
   d - Glaciate                       Conjuration/Ice              9
   e - Fire Storm                     Conjuration/Fire             9
 M - a book of Necromancy

   Spells                             Type                      Level
   a - Pain                           Necromancy                   1
   b - Animate Skeleton               Necromancy                   1
   c - Vampiric Draining              Necromancy                   3
   d - Regeneration                   Charms/Necromancy            3
   e - Animate Dead                   Necromancy                   4
   f - Control Undead                 Necromancy                   4
Comestibles
 c - 4 bread rations
 f - 5 meat rations
 g - 2 beef jerkies
 m - a slice of pizza
 N - 2 chunks of flesh


   Skills:
 + Level 5.7 Fighting
 + Level 4.5(4.7) Axes
 + Level 1.3(3.2) Polearms
 * Level 6.7 Armour
 + Level 3.8 Dodging
 + Level 0.8 Stealth
 + Level 2.4 Invocations


You had 7 spell levels left.
You didn't know any spells.

Dungeon Overview and Level Annotations

Branches:
Dungeon (6/15)
 Temple: D:4-7

Altars:
Elyvilon
Fedhas
Gozag
Okawaru
Pakellas
Qazlal
Ru
Sif Muna
Vehumet
Xom

Shops:
D:4 [


Innate Abilities, Weirdness & Mutations

You are partially covered in thin metallic scales (AC +2).
A weak demonic guardian rushes to your aid.
You regenerate a little health from kills.


Message History

The orc warrior hits you with a scimitar!
Unknown command.
You closely miss the orc warrior.
The orc warrior is moderately wounded.
The orc warrior hits you with a scimitar.
Unknown command.
You closely miss the orc warrior.
The orc warrior is moderately wounded.
The orc warrior hits you but does no damage.
Unknown command.
You closely miss the orc warrior.
The orc warrior is moderately wounded.
You feel less regenerative.
The orc warrior hits you with a scimitar!
* * * LOW HITPOINT WARNING * * *
Unknown command.
Your plate armour prevents you from hitting the orc warrior.
The orc warrior is moderately wounded.
The orc warrior hits you with a scimitar!!
You die...

#.....# #.# #.....# #.#
######.....##########.#
...........##.....)##.#
...........#.......##.#
...........#.......##.#
........##......#####.#
......5.''......'.....#
......o@##......#..^.##
........####....#....#
......))# #....#....#
........# #....#....#
........# #....#....#
........# ######....#
........# #....#
........# #....# ######


You could see an orc warrior and a friendly crimson imp.

Vanquished Creatures
  Sigmund (D:3)
  An orc warrior (D:6)
  2 phantoms
  2 ogres
  The ghost of Gargoyl the Skirmisher, an amateur DsAK of Lugonu (D:3)
  A centaur (D:5)
  2 giant frogs
  2 scorpions
  5 crimson imps
  6 orc wizards (D:5)
  2 orc priests (D:5)
  2 worker ants
  2 hound skeletons
  Robin (D:4)
  5 adders
  A shadow imp (D:5)
  An ooze (D:2)
  5 worms
  3 dart slugs
  3 giant geckos
  17 orcs
  4 giant cockroaches (D:1)
  14 hobgoblins
  10 jackals
  3 quokkas
  6 bats
  2 giant newts
  15 goblins
  8 kobolds
  12 rats
139 creatures vanquished.

Vanquished Creatures (collateral kills)
  A giant frog skeleton (D:5)
  A giant gecko (D:5)
  3 orcs
5 creatures vanquished.

Grand Total: 144 creatures vanquished

Notes
Turn   | Place    | Note
--------------------------------------------------------------
     0 | Abyss:1  | Gargoyl the Demonspawn Abyssal Knight began the quest for the Orb.
     0 | Abyss:1  | Reached XP level 1. HP: 18/18 MP: 2/2
    37 | Abyss:3  | Noticed a thrashing horror
    38 | Abyss:3  | Noticed a thrashing horror
    40 | D:1      | Escaped the Abyss
   158 | D:1      | Reached skill level 1 in Dodging
   161 | D:1      | Gained mutation: You regenerate a little health from kills. [demonic ancestry]
   161 | D:1      | Reached XP level 2. HP: 14/24 MP: 3/3
   301 | D:1      | Reached * piety under Lugonu
   716 | D:1      | Reached XP level 3. HP: 30/30 MP: 4/4
   758 | D:1      | Reached skill level 2 in Armour
  1411 | D:2      | Found a white marble altar of Elyvilon.
  1476 | D:2      | Reached ** piety under Lugonu
  1557 | D:2      | Gained mutation: You are partially covered in thin metallic scales (AC +2). [demonic ancestry]
  1557 | D:2      | Reached XP level 4. HP: 37/37 MP: 5/5
  1795 | D:3      | Noticed Gargoyl's ghost (amateur DsAK)
  1812 | D:3      | Killed Gargoyl's ghost
  1812 | D:3      | Reached skill level 3 in Armour
  1812 | D:3      | Reached XP level 5. HP: 25/42 MP: 6/6
  2032 | D:3      | Noticed Sigmund
  2045 | D:3      | Killed Sigmund
  2045 | D:3      | Reached XP level 6. HP: 14/49 MP: 7/7
  2192 | D:3      | Found a blossoming altar of Fedhas.
  2293 | D:3      | Reached skill level 4 in Armour
  3008 | D:4      | Noticed Robin
  3014 | D:4      | Reached *** piety under Lugonu
  3029 | D:4      | Gained mutation: A weak demonic guardian rushes to your aid. [demonic ancestry]
  3029 | D:4      | Reached XP level 7. HP: 45/55 MP: 8/8
  3035 | D:4      | Killed Robin
  3161 | D:4      | Found an iron altar of Okawaru.
  3239 | D:4      | Found an oddly glowing altar of Pakellas.
  3248 | D:4      | Reached skill level 5 in Armour
  3402 | D:4      | Found Uvey's Armour Shoppe.
  3515 | D:4      | Found a radiant altar of Vehumet.
  3532 | D:4      | Found an opulent altar of Gozag.
  3597 | D:5      | Entered Level 5 of the Dungeon
  3666 | D:5      | Reached skill level 5 in Fighting
  3697 | D:5      | Found a deep blue altar of Sif Muna.
  4020 | D:5      | Found a stormy altar of Qazlal.
  4024 | D:5      | Reached XP level 8. HP: 60/62 MP: 9/9
  4034 | D:5      | Reached skill level 6 in Armour
  4043 | D:5      | Reached skill level 1 in Polearms
  4206 | D:5      | Found a sacrificial altar of Ru.
  4206 | D:5      | Found a white marble altar of Elyvilon.
  4206 | D:5      | Found a shimmering altar of Xom.
  4475 | D:5      | Reached **** piety under Lugonu
  4996 | D:6      | Slain by an orc warrior

Skill      XL: |  1  2  3  4  5  6  7  8 |
---------------+-------------------------+-----
Dodging        | 1 2 3 |  3.8
Armour         | 2 3 4 5 6 |  6.7
Axes           | 2 3 4 |  4.5
Fighting       | 4 5 |  5.7
Polearms       | 1 |  1.3
Stealth        | |  0.8
Invocations    | |  2.4

Action                   |  1- 3 |  4- 6 |  7- 9 || total
-------------------------+-------+-------+-------++-------
Melee: Hand axe          |   134 |   215 |    70 ||   419
       Trident           |       |    26 |    62 ||    88
       War axe           |       |       |   174 ||   174
Invok: Depart the Abyss  |     1 |       |       ||     1
  Use: Potion            |       |     5 |       ||     5
       Scroll            |       |     5 |       ||     5
  Eat: Chunk             |     2 |     4 |     9 ||    15
Armor: Leather armour    |    22 |       |       ||    22
       Ring mail         |    28 |    31 |       ||    59
       Chain mail        |       |   110 |   191 ||   301
       Plate armour      |       |       |     6 ||     6
Dodge: Dodged            |    72 |   118 |   101 ||   291
Block: Other             |       |    13 |    41 ||    54
       Reflection        |       |       |     1 ||     1
